 Dungeon Crawl Stone Soup version 0.26-a0-712-ga5a9c9c9d0 (webtiles) character file.

Game seed: 14308470229151316091

422 raph the Destroyer (level 6, -1/32 HPs)
             Began as a Tengu Conjurer on Nov 7, 2020.
             Was an Initiate of Sif Muna.
             Shot with an arrow by a centaur (8 damage)
             ... on level 5 of the Dungeon.
             The game lasted 00:07:35 (5422 turns).

raph the Destroyer (Tengu Conjurer)                 Turns: 5422, Time: 00:07:36

Health: -1/32      AC:  2    Str:  8    XL:     6   Next: 95%
Magic:  7/11       EV: 13    Int: 20    God:    Sif Muna [......]
Gold:   283        SH:  0    Dex: 12    Spells: 0/10 levels left

rFire    . . .     SeeInvis .   e - +2 dagger (venom)
rCold    . . .     Faith    .   (no shield)
rNeg     . . .     Spirit   .   t - +0 robe {MR+}
rPois    .         Reflect  .   (helmet restricted)
rElec    .         Harm     .   (no cloak)
rCorr    .         Rampage  .   (no gloves)
MR       +....                  (boots unavailable)
Stlth    ++........             (no amulet)
HPRegen  0.10/turn              (no ring)
MPRegen  0.12/turn              (no ring)

@: no status effects
A: beak, talons 3, able to fly
a: Fly, Renounce Religion


You were on level 5 of the Dungeon.
You worshipped Sif Muna.
Sif Muna was noncommittal.
You visited 1 branch of the dungeon, and saw 5 of its levels.

You collected 283 gold pieces.

Inventory:

Hand Weapons
 e - a +2 dagger of venom (weapon)
Missiles
 r - 4 curare-tipped darts (quivered)
Armour
 a - a +0 robe
 t - a +0 robe of magic resistance (worn)
Wands
 n - a wand of digging (7)
Scrolls
 b - 10 scrolls of identify {unknown}
 c - 3 scrolls of enchant weapon {unknown}
 d - 2 scrolls of enchant armour {unknown}
 f - 7 scrolls of remove curse {unknown}
 g - 3 scrolls of fear {unknown}
 o - 3 scrolls of teleportation {unknown}
 p - a scroll of random uselessness {unknown}
 s - a scroll of magic mapping {unknown}
 u - a scroll of noise {unknown}
Potions
 h - a potion of ambrosia {unknown}
 i - 2 potions of flight {unknown}
 j - 2 potions of heal wounds {unknown}
 k - 2 potions of stabbing {unknown}
 l - 2 potions of might {unknown}
 m - a potion of mutation {unknown}
 q - 2 potions of invisibility {unknown}
 v - a potion of degeneration {unknown}
 w - a potion of curing {unknown}


   Skills:
 - Level 3.2 Dodging
 - Level 2.9 Stealth
 - Level 2.7 Spellcasting
 * Level 8.1 Conjurations
 * Level 2.4 Hexes


You couldn't memorise any spells.
You knew the following spells:

 Your Spells              Type           Power        Failure   Level
a - Magic Dart            Conj           ####         1%          1
b - Searing Ray           Conj           #####.       1%          2
c - Dazzling Flash        Conj/Hex       ###...       4%          3
d - Fulminant Prism       Conj/Hex       ###.......   17%         4

Your spell library contained the following spells:

 Spells                   Type           Power        Failure   Level
 Iskenderun's Mystic Bla  Conj/Tloc      ###.....     28%         4


Dungeon Overview and Level Annotations

Branches:
Dungeon (5/15)
 Temple: D:4-7

Altars:
Ashenzari
Sif Muna
Uskayaw
Zin
The Shining One

Portals:
Abyss: D:3

Annotations:
D:3 2 transporters, Asymodius's ghost, amateur DsFi


Innate Abilities, Weirdness & Mutations

You have a beak for a mouth.
You have claws for feet.
You can fly continuously.


Message History

There is a stone staircase leading up, spattered with blood here.
You see here an arrow.
Casting: Searing Ray (safe; 1% risk of failure)
Confirm with . or Enter, or press ? or * to list all spells.
Aiming: Searing Ray (safe; 1% risk of failure)
Press: ? - help, Shift-Dir - straight line, f - centaur
Aim: a centaur, wielding a +0 shortbow and quivering 12 arrows The searing ray hits the centaur!
The centaur is moderately wounded. (Press . to maintain the ray.)
The centaur shoots an arrow.
The arrow misses you.
The searing ray hits the centaur.
The centaur is heavily wounded.
The centaur shoots an arrow.
The arrow hits you!
* * * LOW HITPOINT WARNING * * *
The searing ray hits the centaur!
The centaur is almost dead.
The centaur shoots an arrow.
The arrow misses you.
The centaur shoots an arrow.
The arrow hits you!
You die...

..### .c...##
....... ......† .
..... # ... ..†
.(#
.....#c######....#
.......(..@......#
########.#...(...#
#.####....# #.#
#..# #.####.#...
#..<.......
######.#...


You could see a centaur.

Vanquished Creatures
  Sigmund (D:3)
  A scorpion (D:4)
  An iguana (D:4)
  A worker ant (D:4)
  A hound skeleton (D:3)
  7 adders
  2 oozes
  3 worms
  A dart slug (D:1)
  A leopard gecko (D:4)
  7 orcs (D:3)
  10 bats
  4 giant cockroaches
  9 hobgoblins
  6 jackals
  2 ball pythons
  5 frilled lizards
  6 goblins
  A jackal skeleton (D:4)
  13 kobolds
  9 rats
91 creatures vanquished.

Notes
Turn   | Place    | Note
-------+----------+-------------------------------------------
     0 | D:1      | raph the Tengu Conjurer began the quest for the Orb.
     0 | D:1      | Reached XP level 1. HP: 10/10 MP: 4/4
   185 | D:1      | Reached XP level 2. HP: 9/15 MP: 3/6
   189 | D:1      | Learned a level 2 spell: Searing Ray
   734 | D:1      | Reached XP level 3. HP: 19/19 MP: 4/7
  1294 | D:2      | Reached skill level 6 in Conjurations
  1430 | D:2      | Reached XP level 4. HP: 24/24 MP: 5/8
  1950 | D:2      | Found a glowing golden altar of the Shining One.
  2298 | D:2      | Found a hide-covered altar of Uskayaw.
  2321 | D:2      | Gained mutation: You can fly continuously. [Tengu growth]
  2321 | D:2      | Reached XP level 5. HP: 28/28 MP: 10/10
  2538 | D:3      | Learned a level 3 spell: Dazzling Flash
  2656 | D:3      | Found a transporter.
  2662 | D:3      | Found a one-way gate to the infinite horrors of the Abyss.
  2662 | D:3      | Noticed Asymodius's ghost (amateur DsFi)
  2663 | D:3      | Noticed a small abomination
  2793 | D:3      | Found a transporter.
  2984 | D:3      | Found a shimmering blue altar of Sif Muna.
  2987 | D:3      | Became a worshipper of Sif Muna the Loreminder
  3025 | D:3      | Noticed Sigmund
  3037 | D:3      | Killed Sigmund
  3037 | D:3      | Reached skill level 7 in Conjurations
  3037 | D:3      | Reached skill level 1 in Hexes
  3037 | D:3      | Reached XP level 6. HP: 32/32 MP: 4/11
  3413 | D:3      | Learned a level 4 spell: Fulminant Prism
  3816 | D:4      | Found a glowing silver altar of Zin.
  4272 | D:4      | Found a broken altar of Ashenzari.
  4761 | D:4      | Reached skill level 8 in Conjurations
  5323 | D:5      | Entered Level 5 of the Dungeon
  5422 | D:5      | Shot with an arrow by a centaur

Illustrated notes

Levels and vault maps discovered:
D:1:      heliophobic_arrival_dark_side_of_the_moon, layout_loops_ring
D:2:      layout_loops_cross, tso_metal_star, lemuel_doored_altar
D:3:      layout_loops_cross, lemuel_blue_sif_altar,
          gammafunk_ghost_abyssal_escape, uniq_sigmund
D:4:      layout_layer_cave, ashenzari_altar_1, lemuel_round_altar,
          kennysheep_cluttered_room, st_stairs_3
D:5:      layout_basic, lemuel_zombie_altar_kikubaaqudgha,
          lemuel_coloured_pillars_altar, uniq_grinder

Skill      XL: |  1  2  3  4  5  6 |
---------------+-------------------+-----
Conjurations   | 6 7 8 |  8.1
Dodging        | 3 |  3.2
Hexes          | 1 2 |  2.4
Stealth        | |  2.9
Spellcasting   | |  2.7

Action                   |  1- 3 |  4- 6 || total
-------------------------+-------+-------++-------
Melee: Dagger            |    20 |    17 ||    37
       Kick              |     1 |     2 ||     3
       Peck              |     2 |     2 ||     4
 Cast: Magic Dart        |    30 |    49 ||    79
       Searing Ray       |     9 |    20 ||    29
       Dazzling Flash    |       |     1 ||     1
 Stab: Sleeping          |     2 |     4 ||     6
Armor: Robe              |    11 |     2 ||    13
Dodge: Dodged            |    17 |    15 ||    32

Table legend: (Time is in decaauts)
 A = Elapsed time spent in this place.
 B = Non-inter-level travel time spent in this place.
 C = Inter-level travel time spent in this place.
 D = Time resting spent in this place.
 E = Time spent auto-exploring this place.
 F = Levels seen in this place.
 G = Mean time per level.
                   A        B        C        D        E       F      G
               +--------+--------+--------+--------+--------+-----+--------+
         Total |   5421 |   5285 |    136 |   2273 |   2492 |   5 | 1084.2 |
       Dungeon |   5421 |   5285 |    136 |   2273 |   2492 |   5 | 1084.2 |
               +--------+--------+--------+--------+--------+-----+--------+

Top non-repeatable levels by time:
     D:4: 1667 daAuts
     D:3: 1253 daAuts
     D:1: 1243 daAuts
     D:2: 1238 daAuts
     D:5: 18 daAuts
